 Dungeon Crawl Stone Soup version 0.31.0-11-ge490571c62 (webtiles) character file.

Game seed: 1733553653191274988

67 ProzacElf the Ducker (level 3, 0/31 HPs)
             Began as a Troll Hedge Wizard on Feb 3, 2024.
             Slain by Natasha (4 damage)
             ... on level 2 of the Dungeon.
             The game lasted 00:01:43 (1325 turns).

ProzacElf the Ducker (Troll Hedge Wizard)           Turns: 1325, Time: 00:01:44

Health: 0/31       AC:  4    Str: 18    XL:     3   Next: 98%
Magic:  5/5        EV: 11    Int: 10    God:
Gold:   74         SH:  0    Dex: 17    Spells: 5/6 levels left

rFire   . .          .
                       - Unarmed
rCold   . . .        (no shield)
rNeg    . . .        b - +0 robe
rPois   .            c - +0 hat
rElec   .            (no cloak)
rCorr   .            (gloves unavailable)
SInv    .            (boots unavailable)
Will    .....        (no amulet)
Stlth   ++           k - +6 ring of dexterity
HPRegen 1.05/turn    (no ring)
MPRegen 0.09/turn

%: no passive effects
@: no status effects
A: large, unfitting armour, claws 3, regeneration 1, shaggy fur 1, tough skin 1
a: no special abilities


You were on level 2 of the Dungeon.
You visited 1 branch of the dungeon, and saw 2 of its levels.

You collected 74 gold pieces.

Inventory:

Hand Weapons
 d - a +0 dagger
Armour
 b - a +0 robe (worn)
 c - a +0 hat (worn)
Jewellery
 e - a ring of fire
 k - a +6 ring of dexterity (left claw)
Scrolls
 f - 2 scrolls of identify {unknown}
 g - a scroll of blinking {unknown}
 h - a scroll of teleportation {unknown}
 n - a scroll of summoning {unknown}
Potions
 a - a potion of magic
 i - a potion of enlightenment {unknown}
 j - 2 potions of heal wounds {unknown}
 l - a potion of brilliance {unknown}
 m - a potion of curing {unknown}


   Skills:
 + Level 2.7 Dodging
 - Level 1.0 Stealth
 + Level 2.4 Unarmed Combat
 - Level 2.0 Spellcasting
 - Level 0.6 Conjurations
 - Level 0.6 Summonings
 - Level 0.6 Translocations


You had 5 spell levels left.
You knew the following spells:

 Your Spells              Type           Power      Damage    Failure   Level
a - Magic Dart            Conj           8%         1d3       24%         1

Your spell library contained the following spells:

 Spells                   Type           Power      Damage    Failure   Level
 Slow                     Hex            4%         N/A       30%         1
 Blink                    Tloc           4%         N/A       36%         2
 Call Imp                 Summ           4%         N/A       36%         2
 Cigotuvi's Dreadful Rot  Necr/Alch/Air  2%         N/A       43%         2
 Mephitic Cloud           Conj/Alch/Air  1%         N/A       65%         3


Dungeon Overview and Level Annotations

Branches:
Dungeon (2/15)

Altars:

Annotations:
D:2 Natasha


Innate Abilities, Weirdness & Mutations

You are too large for most types of armour.
You have claws for hands.
Your natural rate of healing is unusually fast.
You are covered in fur. (AC +1)
You have tough skin. (AC +1)


Message History

Natasha casts a spell at ye.
Tha magic dart hits ye.
Thar be an 'scape hatch in tha floor 'ere.
Ye take 5 damage, an' haf 26/31 hp.
Natasha casts a spell.
Ye regain'd 2 hp, an' now haf 29/31 hp.
Natasha closely misses ye.
Tha cerulean imp hits ye from afar wit' a +1 spear.
Ye take 5 damage, an' haf 24/31 hp.
Ye closely miss Natasha.
Natasha casts a spell at ye.
Tha magic dart hits ye.
Tha cerulean imp barely misses ye.
Ye take 3 damage, an' haf 21/31 hp.
Ye scratch Natasha.
Natasha be moderately wounded.
Natasha claws ye!
Tha cerulean imp completely misses ye.
Ye take 6 damage, an' haf 15/31 hp.
Ye be too injured ta fight recklessly!
Ye be too injured ta fight recklessly!
Ye be too injured ta fight recklessly!
Ye barely miss Natasha.
Natasha be moderately wounded.
Natasha claws ye.
Tha cerulean imp hits ye from afar wit' a +1 spear.
* * * LOW HITPOINT WARNIN'
* * * Ye take 6 damage, an' haf 9/31 hp.
Ye scratch Natasha but do nay damage.
Natasha be moderately wounded.
Natasha closely misses ye.
Ye scratch Natasha.
Yer claw misses Natasha.
Natasha be moderately wounded.
Tha cerulean imp closely misses ye.
Natasha claws ye!
* * * LOW HITPOINT WARNIN'
* * * Ye take 7 damage, an' haf 3/31 hp.
MASSIVE DAMAGE!!
Ye closely miss Natasha.
Natasha be moderately wounded.
Tha cerulean imp hits ye but does nay damage.
Natasha claws ye.
Ye die...
Natasha curls up an' begins ta purr.

#.###.#### #. #.........
#. #####.#### #. ##'##
#. ##...## #. ###
##.....## ####.##.##
##.......#
###........####..<......
....!5h@..>...'.........
###.##.#...####.........
#..#..# ##.......#
##.##.# ##.....## #. #.#
##...## #. #.# ##'## ..
..# #.# #. ### ##.####
###......


You could see Natasha and a cerulean imp (summoned).

Vanquished Creatures
  Natasha (D:2)
  An adder (D:2)
  A dart slug (D:2)
  A ribbon worm (D:2)
  2 bats (D:1)
  5 endoplasms
  4 goblins
  3 hobgoblins
  2 quokkas (D:1)
  3 ball pythons
  A frilled lizard (D:1)
  2 kobolds (D:1)
  A rat (D:1)
27 creatures vanquished.

Notes
Turn   | Place    | Note
-------+----------+-------------------------------------------
     0 | D:1      | ProzacElf the Troll Hedge Wizard began the quest for the
                  | Orb.
     0 | D:1      | Reached XP level 1. HP: 16/16 MP: 2/2
   227 | D:1      | Reached skill level 1 in Unarmed Combat
   241 | D:1      | Reached XP level 2. HP: 24/24 MP: 4/4
  1106 | D:2      | Reached XP level 3. HP: 31/31 MP: 5/5
  1189 | D:2      | Noticed Natasha
  1192 | D:2      | Killed Natasha
  1311 | D:2      | Noticed Natasha
  1325 | D:2      | Slain by Natasha

Illustrated notes

Levels and vault maps discovered:
D:1:      saegor_arrival_under_anarchy, layout_basic
D:2:      layout_loops_corners, minmay_pentomino_q2, uniq_natasha

Skill      XL: |  1  2  3 |
---------------+----------+-----
Unarmed Combat | 1 2 |  2.4
Dodging        | 2 |  2.7
Stealth        | |  1.0
Spellcasting   | |  2.0
Conjurations   | |  0.6
Summonings     | |  0.6
Translocations | |  0.6

Action                     || total
---------------------------++-------
  Melee: Unarmed           ||    89
   Stab: Sleeping          ||     2
 Armour: Robe              ||    50
  Dodge: Dodged            ||    47

Action                     || total
---------------------------++-------
  Melee: Unarmed           ||    89
   Stab: Sleeping          ||     2
 Armour: Robe              ||    50
  Dodge: Dodged            ||    47

Levels and vault maps discovered:
D:1:      saegor_arrival_under_anarchy, layout_basic
D:2:      layout_loops_corners, minmay_pentomino_q2, uniq_natasha
